 Dungeon Crawl Stone Soup version 0.25.1-2-g60ff931df9 (webtiles) character file.

Game seed: 14030291816452687412

285 txstrosman the Bolt Thrower (level 6, -4/50 HPs)
             Began as a Centaur Hunter on Nov 12, 2020.
             Was an Initiate of Okawaru.
             Killed from afar by Ijyb (10 damage)
             ... with a bolt of acid
             ... on level 5 of the Dungeon on Nov 13, 2020.
             The game lasted 00:16:17 (3312 turns).

txstrosman the Bolt Thrower (Centaur Hunter)        Turns: 3312, Time: 00:16:18

Health: -4/50      AC:  8    Str: 16    XL:     6   Next: 7%
Magic:  6/6        EV:  5    Int: 10    God:    Okawaru [......]
Gold:   229        SH:  0    Dex: 10    Spells: 5/5 levels left

rFire    . . .     SeeInvis .   a - +1 hand crossbow
rCold    . . .     Gourm    .   (no shield)
rNeg     . . .     Faith    .   l - +2 chain mail {rPois}
rPois    +         Spirit   .   z - +0 helmet
rElec    .         Reflect  .   (no cloak)
rCorr    .         Harm     .   C - +0 pair of gloves
MR       .....                  (no barding)
Stlth    ..........             (no amulet)
HPRegen  0.16/turn              (no ring)
MPRegen  0.10/turn              (no ring)

@: about to teleport, corroded, very quick
A: large, hooves 3, deformed body, speed 2, tough skin 3
a: Renounce Religion


You were on level 5 of the Dungeon.
You worshipped Okawaru.
Okawaru was noncommittal.
You were not hungry.

You visited 1 branch of the dungeon, and saw 5 of its levels.

You collected 229 gold pieces.

Inventory:

Hand Weapons
 a - a +1 hand crossbow (weapon)
 b - a +1 hand axe of venom
Missiles
 d - 34 bolts (quivered)
Armour
 l - a +2 chain mail of poison resistance (worn)
 z - a +0 helmet (worn)
 C - a +0 pair of gloves (worn)
Jewellery
 e - a cursed ring of attention {unknown}
Wands
 k - a wand of polymorph (8)
Potions
 g - 2 potions of curing
 i - a potion of berserk rage
 j - a potion of might {unknown}
 m - 3 potions of heal wounds {unknown}
 n - a potion of brilliance {unknown}
 v - a potion of lignification {unknown}
 x - a potion of degeneration {unknown}
 B - a potion of haste {unknown}
Comestibles
 f - 9 rations


   Skills:
 + Level 2.6 Fighting
 * Level 0.3 Axes
 * Level 6.4 Crossbows
 * Level 2.3 Armour
 * Level 1.8 Dodging
 + Level 0.6 Stealth


You had 5 spell levels left.
You didn't know any spells.
Your spell library was empty.

Dungeon Overview and Level Annotations

Branches:
Dungeon (5/15)             Temple (0/1) D:5

Altars:
Dithmenos
Makhleb
Nemelex Xobeh
Okawaru
Ru
Yredelemnul

Annotations:
D:5 Ijyb


Innate Abilities, Weirdness & Mutations

You have hooves in place of feet.
Armour fits poorly on your strangely shaped body.
You cover ground very quickly.
You have extremely tough skin. (AC +3)


Message History

Aim: Ijyb, wearing a +0 leather armour and carrying a wand of acid (7)
You shoot a bolt. The bolt closely misses Ijyb.
Firing (i - inventory)
d - 36 bolts (quivered)
Press: ? - help, Shift-Dir - straight line, f/p - Ijyb
Aim: Ijyb, wearing a +0 leather armour and carrying a wand of acid (7)
You shoot a bolt. The bolt hits Ijyb.
Ijyb is moderately wounded.
Ijyb zaps a wand.
The bolt of acid hits you! The acid corrodes you!
You are splashed with acid!
Firing (i - inventory)
d - 35 bolts (quivered)
Press: ? - help, Shift-Dir - straight line, f/p - Ijyb
Aim: Ijyb, wearing a +0 leather armour and carrying a wand of acid (6) (moderately wounded)
You shoot a bolt. The bolt hits Ijyb but does no damage.
Ijyb is moderately wounded.
Ijyb zaps a wand.
The bolt of acid hits you!
You are splashed with acid!
* * * LOW HITPOINT WARNING * * *
As you read the scroll of teleportation, it crumbles to dust.
You feel strangely unstable.
Ijyb zaps a wand.
The bolt of acid hits you!
You die...

###### #....# #...)#
#....##############...
#............@.g(....(
##.#########..#####...
####.##### ##.#
#........#≈≈≈≈#.#≈≈≈≈#
#........#≈≈≈≈#.#≈≈≈≈#
#........#≈≈§≈#.#§≈≈≈#
#...>....#≈≈§##)##≈≈≈#
#........#§≈§#...#§§§#
####.#.###≈≈≈#.>.#§§§#


You could see Ijyb.

Vanquished Creatures
  A phantom (D:3)
  An iguana (D:3)
  2 worker ants (D:4)
  5 adders
  An ooze (D:4)
  3 worms
  3 dart slugs
  2 leopard geckos
  8 orcs
  3 giant cockroaches
  3 goblins (D:1)
  5 hobgoblins
  2 jackals (D:1)
  3 kobolds
  2 quokkas (D:2)
  8 bats
  6 frilled lizards
  5 rats
  A spectral orc (D:2)
64 creatures vanquished.

Notes
Turn   | Place    | Note
-------+----------+-------------------------------------------
     0 | D:1      | txstrosman the Centaur Hunter began the quest for the Orb.
     0 | D:1      | Reached XP level 1. HP: 17/17 MP: 1/1
   374 | D:1      | Reached XP level 2. HP: 24/24 MP: 2/2
   519 | D:1      | Reached skill level 5 in Crossbows
   817 | D:2      | Reached XP level 3. HP: 28/29 MP: 3/3
  1245 | D:2      | Found a basalt altar of Yredelemnul.
  1326 | D:2      | Found a burning altar of Makhleb.
  1330 | D:2      | Found a shadowy altar of Dithmenos.
  1331 | D:2      | Found a sacrificial altar of Ru.
  1475 | D:2      | Reached XP level 4. HP: 36/36 MP: 4/4
  2188 | D:3      | Found an iron altar of Okawaru.
  2198 | D:3      | Became a worshipper of Warmaster Okawaru
  2378 | D:3      | Reached skill level 6 in Crossbows
  2446 | D:3      | Reached skill level 1 in Armour
  2489 | D:4      | Noticed a phantom
  2490 | D:4      | Reached XP level 5. HP: 41/42 MP: 5/5
  2519 | D:3      | Killed a phantom
  2734 | D:4      | Reached XP level 6. HP: 40/50 MP: 6/6
  2909 | D:4      | Found a sparkling altar of Nemelex Xobeh.
  3258 | D:5      | Entered Level 5 of the Dungeon
  3302 | D:5      | Found a staircase to the Ecumenical Temple.
  3305 | D:5      | Noticed Ijyb
  3312 | D:5      | Killed from afar by Ijyb

Illustrated notes

Levels and vault maps discovered:
D:1:      roderic_dead_forest, layout_rooms, minivault_25,
          hangedman_abyss_or_decor_stabs
D:2:      layout_basic, yredelemnul_forgotten_temple_becter, minitemple,
          first_ration, item_on_display_a
D:3:      layout_basic, lemuel_coloured_pillars_altar
D:4:      layout_cave_pools, nemelex_xobeh_ov_fountains_minmay
D:5:      layout_basic, minmay_temple_entry_poolview, corexii_leaking_fountain,
          uniq_ijyb

Skill      XL: |  1  2  3  4  5 |
---------------+----------------+-----
Crossbows      | 5 6 |  6.4
Armour         | 1 2 |  2.3
Fighting       | |  2.6
Axes           | |  0.3
Dodging        | |  1.8
Stealth        | |  0.6

Action                   |  1- 3 |  4- 6 || total
-------------------------+-------+-------++-------
Melee: Short sword       |    39 |    63 ||   102
       Kick              |    16 |    15 ||    31
       Dagger            |    43 |     3 ||    46
       Hand axe          |       |    15 ||    15
 Fire: Hand crossbow     |     6 |    16 ||    22
  Use: Scroll            |       |    15 ||    15
       Potion            |       |     1 ||     1
  Eat: Chunk             |     1 |     2 ||     3
       Ration            |       |     1 ||     1
Armor: Leather armour    |    23 |       ||    23
       Chain mail        |     2 |    68 ||    70
Dodge: Dodged            |    29 |    19 ||    48
